 Dungeon Crawl Stone Soup version 0.22-a0-148-gf2798f9f4d (webtiles) character file.

1043 MrRokkomies the Grappler (level 8, -4/68 HPs)
             Began as a Ghoul Monk on Feb 7, 2018.
             Was a Priest of Wu Jian.
             Slain by an ogre
             ... wielding a +0 giant club
              (19 damage)
             ... on level 7 of the Dungeon.
             The game lasted 00:12:16 (6251 turns).

MrRokkomies the Grappler (Ghoul Monk)               Turns: 6251, Time: 00:12:16

Health: -4/68      AC: 16    Str: 15    XL:     8   Next: 25%
Magic:  7/7        EV:  4    Int:  5    God:    Wu Jian [***...]
Gold:   260        SH:  0    Dex: 11    Spells: 7/7 levels left

rFire    . . .     SeeInvis +     - Unarmed
rCold    + . .     Gourm    .   (no shield)
rNeg     + + +     Faith    +   i - +3 plate armour
rPois    ∞         Spirit   .   v - +2 helmet
rElec    .         Reflect  .   (no cloak)
rCorr    .         Harm     .   (no gloves)
MR       .....                  (no boots)
Stlth    ..........             k - amulet of faith
HPRegen  0.00/turn              s - -2 ring of strength (curse)
MPRegen  0.10/turn              t - ring of see invisible

@: rotting
A: rotting body, claws 1, carnivore, cold resistance 1, negative energy
resistance 3, inhibited regeneration, torment resistance, unbreathing
a: Wall Jump, Serpent's Lash, Renounce Religion


You were on level 7 of the Dungeon.
You worshipped Wu Jian.
Wu Jian was most pleased with you.
You were not hungry.

You visited 2 branches of the dungeon, and saw 8 of its levels.

You collected 260 gold pieces.

Inventory:

Hand Weapons
 b - a +0 hunting sling
Missiles
 f - 42 sling bullets
Armour
 i - a +3 plate armour (worn)
 v - a +2 helmet (worn)
Jewellery
 k - an amulet of faith (around neck)
 s - a cursed -2 ring of strength (left claw)
 t - a ring of see invisible (right claw)
Wands
 p - a wand of iceblast (10)
 q - a wand of scattershot (5)
Scrolls
 d - a scroll of immolation
 e - 2 scrolls of fog
 g - a scroll of blinking
 l - 3 scrolls of amnesia
 r - a scroll of identify
Potions
 h - 4 potions of curing
 j - a potion of invisibility {unknown}
 m - a potion of ambrosia {unknown}
 n - 2 potions of brilliance {unknown}
 o - a potion of cancellation {unknown}
Books
 a - a book of Minor Magic

   Spells                             Type                      Level
   a - Magic Dart                     Conjuration                  1
   b - Blink                          Translocation                2
   c - Call Imp                       Summoning                    2
   d - Slow                           Hexes                        2
   e - Conjure Flame                  Conjuration/Fire             3
   f - Mephitic Cloud                 Conjuration/Poison/Air       3
Comestibles
 c - 13 rations


   Skills:
 - Level 5.2 Fighting
 * Level 4.7 Slings
 - Level 2.6 Dodging
 - Level 2.1 Stealth
 * Level 8.0 Unarmed Combat


You had 7 spell levels left.
You didn't know any spells.

Dungeon Overview and Level Annotations

Branches:
Dungeon (7/15)             Temple (1/1) D:4

Altars:
Ashenzari
Cheibriados
Dithmenos
Elyvilon
Fedhas
Gozag
Hepliaklqana
Kikubaaqudgha
Okawaru
Qazlal
Ru
Sif Muna
Trog
Uskayaw
Vehumet
Wu Jian
The Shining One

Annotations:
D:4 Azzok's ghost, amateur GrFi
D:5 Azzok's ghost, novice GrFi


Innate Abilities, Weirdness & Mutations

Your body is rotting away.
You thrive on raw meat.
You are immune to poison.
You have sharp fingernails.
You are carnivorous and can eat meat at any time.
Your flesh is cold resistant. (rC+)
You are immune to negative energy. (rN+++)
You do not regenerate when monsters are visible.
You are immune to unholy pain and torment.
You can survive without breathing.


Message History

The ogre hits you with a giant club!!
You are too injured to fight recklessly!
You are too injured to fight recklessly!
You are too injured to fight recklessly!
You scratch the ogre.
The ogre is heavily wounded.
The ogre hits you with a giant club!
* * * LOW HITPOINT WARNING * * *
There is an open door here.
Okay, then.
Evoke which item? (* to show all) (? for menu, Esc to quit)
Aiming: Iceblast
Press: ? - help, Shift-Dir - straight line, f - ogre
Aim: an ogre, wielding a giant club (heavily wounded)
The mass of ice explodes!
The iceblast engulfs the ogre.
The ogre is almost dead.
You scratch the ogre but do no damage.
The ogre is almost dead.
The ogre hits you with a giant club!!
You die...

#...............,*,,,,,,+,,
#...............,*+******,,
###'#########...,,,,,,,,,,*
#..........#...,,,,,,,,,,*
#......>...#,,,,,,,,,,,,,*
######'###+#,,,,,,,,,,,,,*
#..##..##..#**********,,,,
#..........#,,,,,* *,,,,
#........@.+,,,,,* *,,,,
#..######O##**+*******,,,,
##+*****#..#**,,*,,,,,,***
*,,,,,#......#,,*,,,,,,*,,
*,,,,,#......+,,*,,,,,,+,,
*,,,,,+......#,,*,,,,,,*,,
*,,,,,#......#,,*,,,,,,*,,
*,,,**#....###,**,,,,,,*,*
******######**,*,,,,****,*


You could see an ogre.

Vanquished Creatures
  An orc warrior (D:6)
  3 sky beasts
  2 ogres
  A scorpion (D:6)
  A jelly (D:7)
  2 hounds
  A centaur skeleton (D:7)
  An iguana (D:6)
  Natasha (twice) (D:2)
  2 worker ants
  A hound skeleton (D:5)
  9 adders
  2 shadow imps (D:5)
  2 worms (D:2)
  5 dart slugs
  5 leopard geckos
  9 orcs
  A ball python (D:4)
  A giant cockroach (D:5)
  12 goblins
  5 hobgoblins
  8 jackals
  10 kobolds
  2 quokkas (D:6)
  13 bats
  5 frilled lizards
  7 rats
113 creatures vanquished.

Vanquished Creatures (others)
  A wizard (D:4)
1 creature vanquished.

Grand Total: 114 creatures vanquished

Notes
Turn   | Place    | Note
-------+----------+-------------------------------------------
     0 | D:1      | MrRokkomies the Ghoul Monk began the quest for the Orb.
     0 | D:1      | Reached XP level 1. HP: 19/19 MP: 0/0
   587 | D:1      | Reached XP level 2. HP: 25/25 MP: 1/1
  1083 | D:1      | Reached XP level 3. HP: 30/32 MP: 2/2
  1093 | D:1      | Reached skill level 4 in Unarmed Combat
  1716 | D:2      | Found a hide-covered altar of Uskayaw.
  1716 | D:2      | Noticed Natasha
  1721 | D:2      | Killed Natasha
  1721 | D:2      | Reached XP level 4. HP: 33/38 MP: 3/3
  2188 | D:2      | Noticed Natasha
  2196 | D:2      | Killed Natasha
  2196 | D:2      | Reached XP level 5. HP: 32/47 MP: 4/4
  2267 | D:2      | Reached skill level 5 in Fighting
  2267 | D:2      | Reached skill level 5 in Unarmed Combat
  2445 | D:2      | Found an opulent altar of Gozag.
  3615 | D:3      | Found a bloodstained altar of Trog.
  3628 | D:3      | Found a blossoming altar of Fedhas.
  4023 | D:4      | Found a bloodstained altar of Trog.
  4035 | D:4      | Noticed a wizard
  4038 | D:4      | Killed a wizard
  4095 | D:4      | Found a staircase to the Ecumenical Temple.
  4126 | Temple   | Entered the Ecumenical Temple
  4149 | Temple   | Became a worshipper of the Wu Jian Council
  4149 | Temple   | Reached * piety under Wu Jian
  4149 | Temple   | Reached ** piety under Wu Jian
  4262 | D:4      | Noticed an ogre
  4276 | D:4      | Killed an ogre
  4276 | D:4      | Reached skill level 1 in Slings
  4276 | D:4      | Reached XP level 6. HP: 49/56 MP: 5/5
  4448 | D:4      | Noticed a sky beast
  4458 | D:4      | Killed a sky beast
  4458 | D:4      | Reached skill level 6 in Unarmed Combat
  4587 | D:4      | Noticed Azzok's ghost (amateur GrFi)
  4780 | D:5      | Entered Level 5 of the Dungeon
  4887 | D:5      | Reached XP level 7. HP: 59/60 MP: 6/6
  5003 | D:5      | Noticed Azzok's ghost (novice GrFi)
  5288 | D:6      | Reached skill level 7 in Unarmed Combat
  5586 | D:6      | Found a white marble altar of Elyvilon.
  5588 | D:6      | Found a shattered altar of Ashenzari.
  5589 | D:6      | Found an iron altar of Okawaru.
  5589 | D:6      | Found a deep blue altar of Sif Muna.
  5589 | D:6      | Found a hazy altar of Hepliaklqana.
  5589 | D:6      | Found a snail-covered altar of Cheibriados.
  5729 | D:6      | Reached XP level 8. HP: 57/68 MP: 7/7
  6233 | D:7      | Reached *** piety under Wu Jian
  6233 | D:7      | Reached skill level 8 in Unarmed Combat
  6251 | D:7      | Slain by an ogre

Vault maps used:
D:1:      evilmike_arrival_rings, hangedman_decor_slide_cut
D:2:      grunt_gozag_statues, eat_drink_and_be_merry_uskayaw,
          minmay_heptomino_o4, uniq_natasha
D:3:      nicolae_overflow_hidden_temple, marbit_many_paths
D:4:      temple_statues, trog_wizard
D:5:      first_ration, st_stairs_10
D:6:      grunt_temple_overflow_open
D:7:      grunt_temple_overflow_champion_of_chaos
Temple:   compressed_dpeg_triangle_lava_temple

Skill      XL: |  1  2  3  4  5  6  7  8 |
---------------+-------------------------+-----
Fighting       | 4 5 |  5.2
Unarmed Combat | 4 5 6 7 8 |  8.0
Slings         | 1 2 4 |  4.7
Dodging        | |  2.6
Stealth        | |  2.1

Action                   |  1- 3 |  4- 6 |  7- 9 || total
-------------------------+-------+-------+-------++-------
Melee: Unarmed           |    81 |   225 |   157 ||   463
       Punch             |     1 |     2 |     6 ||     9
Invok: Whirlwind         |       |     1 |    26 ||    27
       Lunge             |       |     1 |    12 ||    13
       Wall Jump         |       |     1 |     1 ||     2
Evoke: Wand              |       |       |     1 ||     1
  Use: Scroll            |       |    14 |     2 ||    16
 Stab: Sleeping          |     3 |       |       ||     3
       Distracted        |     1 |       |       ||     1
  Eat: Chunk             |     2 |    13 |     5 ||    20
Armor: Robe              |    14 |     1 |       ||    15
       Ring mail         |       |    32 |       ||    32
       Plate armour      |       |    61 |    88 ||   149
Dodge: Dodged            |    58 |   109 |    24 ||   191

Table legend:
 A = Spawn XP
 B = Non-spawn XP
 C = Spawn XP percentage of total XP
 D = Spawn monster count
 E = Non-spawn monster count
 F = Spawn count percentage of total count
 G = Total turns spent on level
                    A         B        C        D         E        F      G
               +---------+---------+-------+---------+---------+-------+---------
         Total |       0 |    1490 |   0.0 |       0 |     113 |   0.0 |  6251
               +---------+---------+-------+---------+---------+-------+---------
           D:1 |       0 |      43 |   0.0 |       0 |      20 |   0.0 |  1674
           D:2 |       0 |     157 |   0.0 |       0 |      23 |   0.0 |  1079
           D:3 |       0 |      61 |   0.0 |       0 |      30 |   0.0 |  1317
           D:4 |       0 |     325 |   0.0 |       0 |       9 |   0.0 |   711
           D:5 |       0 |     127 |   0.0 |       0 |       8 |   0.0 |   345
           D:6 |       0 |     695 |   0.0 |       0 |      21 |   0.0 |   899
           D:7 |       0 |      82 |   0.0 |       0 |       2 |   0.0 |   184
               +---------+---------+-------+---------+---------+-------+---------
